 Dungeon Crawl Stone Soup version 0.27-a0-334-g52645efa06 (webtiles) character file.

Game seed: 17685348799945883846

193 sahdkjhfkaj the Changer (level 5, -5/25 HPs)
             Began as a Vine Stalker Transmuter on Feb 13, 2021.
             Slain by an orc
             ... wielding a +0 club
              (6 damage)
             ... on level 4 of the Dungeon.
             The game lasted 00:05:22 (4336 turns).

sahdkjhfkaj the Changer (Vine Stalker Transmuter)   Turns: 4336, Time: 00:05:22

Health: -5/25      AC:  2    Str: 12    XL:     5   Next: 72%
Magic:  0/9        EV: 19    Int: 14    God:
Gold:   139        SH:  0    Dex: 20    Spells: 0/8 levels left

rFire    . . .     SeeInvis .     - Unarmed
rCold    . . .     Faith    .   (shield currently unavailable)
rNeg     . . .     Spirit   +   (armour currently unavailable)
rPois    x         Reflect  .   (helmet currently unavailable)
rElec    .         Harm     .   (cloak currently unavailable)
rCorr    .         Rampage  .   (gloves currently unavailable)
Will     .....                  (boots currently unavailable)
Stlth    ++........             (no amulet)
HPRegen  0.48/turn              (no ring)
MPRegen  0.11/turn              (no ring)

@: spider-form (expiring), flying
A: tiny, regeneration 1, magic shield, no potion heal 3
a: End Transformation


You were on level 4 of the Dungeon.
You were a venomous arachnid creature.
You visited 1 branch of the dungeon, and saw 4 of its levels.

You collected 139 gold pieces.

Inventory:

Armour
 a - a +0 robe (melded)
 d - a +1 pair of boots (melded)
   (You found it on level 1 of the Dungeon)
 m - a +2 helmet (melded)
   (You found it on level 2 of the Dungeon)
Jewellery
 g - an amulet of regeneration {unknown}
   (You found it on level 2 of the Dungeon)
 n - a ring of resist corrosion
   (You took it off an orc on level 3 of the Dungeon)
Wands
 l - a wand of iceblast (6)
   (You found it on level 2 of the Dungeon)
Scrolls
 e - 4 scrolls of identify {@r1}
 f - a scroll of teleportation {@r4}
 h - a scroll of enchant weapon {unknown}
 j - a scroll of blinking {unknown}
 o - a scroll of enchant armour {unknown}
Potions
 b - 2 potions of curing {@q1}
 c - a potion of heal wounds {unknown}
 i - a potion of magic {unknown}
 k - a potion of might
 p - a potion of flight


   Skills:
 - Level 0.8 Fighting
 - Level 1.5 Dodging
 - Level 3.0 Unarmed Combat
 - Level 2.1 Spellcasting
 + Level 3.9 Transmutations
 + Level 3.9 Poison Magic


You couldn't memorise any spells.
You knew the following spells:

 Your Spells              Type           Power        Failure   Level
a - Beastly Appendage     Tmut           24%          14%         1
c - Ice Form              Ice/Tmut       7%           87%         4
x - Spider Form           Tmut/Pois      6%           32%         3

Your spell library contained the following spells:

 Spells                   Type           Power        Failure   Level
 Wereblood                Tmut           12%          19%         2
 Blade Hands              Tmut           6%           90%         5


Dungeon Overview and Level Annotations

Branches:
Dungeon (4/15)
 Temple: D:4-7

Altars:
Yredelemnul

Shops:
D:4 =


Innate Abilities, Weirdness & Mutations

((You have extremely sharp teeth.))
Your natural rate of healing is unusually fast.
When hurt, damage is shared between your health and your magic reserves.
((Your bite disrupts and absorbs the magic of your enemies.))
Potions cannot restore your health.


Message History

You are confused.
Found 10 arrows.
It was a potion of flight.
You feel very buoyant.
You fly up into the air.
It was a potion of curing.
Your system rejects the healing.
You feel better.
An orc wizard comes into view. It is wielding a +0 dagger.
You closely miss the orc wizard.
An orc wizard comes into view. It is wielding a +0 dagger.
The orc wizard hits you but does no damage.
The orc closely misses you. The orc wizard completely misses you.
The orc wizard shouts!
You hit the orc wizard. The orc wizard barely misses you.
The orc hits you with a +0 club. The orc wizard closely misses you.
You hit the orc wizard.
The orc wizard is poisoned.
The orc wizard gestures at itself while chanting.
The orc wizard flickers and vanishes!
Deactivating autopickup; reactivate with Ctrl-A.
You closely miss something. The orc priest misses you.
The orc wizard closely misses you. The orc misses you.
Something hits you but does no damage.
You hit something but do no damage. The orc priest closely misses you.
The orc wizard misses you. The orc hits you with a +0 club.
Unknown command.
You hit the orc priest but do no damage.
The orc priest is poisoned.
Something closely misses you.
The orc priest miscasts a cantrip.
The orc wizard gestures at you while chanting.
You resist with some effort. The orc hits you but does no damage.
You hit something. Something barely misses you.
The orc priest looks braver for a moment.
The orc wizard misses you.
You miss something. Something hits you. The orc wizard closely misses you.
You barely miss the orc wizard. Something hits you.
The orc priest calls upon Beogh to heal the orc wizard.
The orc wizard is healed somewhat.
The orc wizard completely misses you.
The orc wizard gestures at you while chanting.
The puff of flame hits you! The orc misses you.
You closely miss something.
Your transformation is almost over.
Something hits you.
The orc priest invokes the aid of Beogh against you.
Beogh smites you!
* * * LOW HITPOINT WARNING * * *
The orc wizard hits you but does no damage.
The orc wizard closely misses you. The orc hits you with a +0 club.
You die...

...# ##.## #... ...##
#..# ###... ....#
###..###...# ###
....###........# ...##
...............# .....
.......##......## ......
.....###...##...##......
...####...####..#o......
.### #...## ##{so......
## #...## #.oo......
#....## ##......(.
#..... #........ #......
##....... .......
....... ....... #......
....... ......


You could see an orc priest (very poisoned), 2 orc wizards and an orc.

Vanquished Creatures
  A centaur skeleton (D:4)
  Terence (D:3)
  A worker ant (D:4)
  3 adders
  An ooze (D:3)
  5 worms (D:3)
  2 dart slugs
  4 leopard geckos
  3 orcs (D:3)
  3 giant cockroaches
  2 goblins (D:3)
  8 hobgoblins
  6 jackals
  7 kobolds
  A ball python (D:3)
  9 bats
  3 frilled lizards
  6 rats
66 creatures vanquished.

Notes
Turn   | Place    | Note
-------+----------+-------------------------------------------
     0 | D:1      | sahdkjhfkaj the Vine Stalker Transmuter began the quest for
                  | the Orb.
     0 | D:1      | Reached XP level 1. HP: 9/9 MP: 4/4
   210 | D:1      | Reached skill level 1 in Poison Magic
   234 | D:1      | Reached XP level 2. HP: 9/14 MP: 4/6
   936 | D:1      | Reached XP level 3. HP: 11/17 MP: 4/7
   940 | D:1      | Learned a level 3 spell: Spider Form
  2563 | D:2      | Gained mutation: Your natural rate of healing is unusually
                  | fast. [Vine Stalker growth]
  2563 | D:2      | Reached XP level 4. HP: 21/21 MP: 8/8
  2820 | D:3      | Noticed Terence
  2897 | D:3      | Killed Terence
  3039 | D:3      | Found a basalt altar of Yredelemnul.
  3366 | D:3      | Reached XP level 5. HP: 22/25 MP: 2/9
  3966 | D:4      | Found Epruameut's Jewellery Shop.
  4320 | D:4      | Learned a level 4 spell: Ice Form
  4336 | D:4      | HP: 1/25 [orc priest/divine providence (12)]
  4336 | D:4      | Slain by an orc

Illustrated notes

Levels and vault maps discovered:
D:1:      dpeg_arrival_windows_large_door, layout_rooms
D:2:      layout_basic, minmay_misc_feat_tiny, st_stairs_2, minmay_door_square
D:3:      layout_loops_cross, marbit_many_paths, portal_sewer_entry_d,
          uniq_terence
D:4:      layout_cave_pods, general_overflow_altar, serial_shops, shop,
          uniq_menkaure, uniq_edmund

Skill      XL: |  1  2  3  4 |
---------------+-------------+-----
Poison Magic   | 1 2 3 |  3.9
Transmutations | 3 |  3.9
Fighting       | |  0.8
Dodging        | |  1.5
Unarmed Combat | |  3.0
Spellcasting   | |  2.1

Action                   |  1- 3 |  4- 6 || total
-------------------------+-------+-------++-------
Melee: Unarmed           |   130 |   138 ||   268
       Bite              |    31 |    27 ||    58
       Punch             |     1 |     1 ||     2
       Kick              |     4 |       ||     4
       Headbutt          |     3 |       ||     3
 Cast: Beastly Appendage |     8 |       ||     8
       Spider Form       |       |    16 ||    16
  Use: Scroll            |       |     2 ||     2
       Potion            |       |     2 ||     2
 Stab: Sleeping          |       |     1 ||     1
Armor: Robe              |    24 |    35 ||    59
       Skin              |       |     4 ||     4
Dodge: Dodged            |   101 |   112 ||   213

Table legend: (Time is in decaauts)
 A = Elapsed time spent in this place.
 B = Non-inter-level travel time spent in this place.
 C = Inter-level travel time spent in this place.
 D = Time resting spent in this place.
 E = Time spent auto-exploring this place.
 F = Levels seen in this place.
 G = Mean time per level.
                   A        B        C        D        E       F      G
               +--------+--------+--------+--------+--------+-----+--------+
         Total |   4324 |   4224 |    100 |    181 |   3429 |   4 | 1081.0 |
       Dungeon |   4324 |   4224 |    100 |    181 |   3429 |   4 | 1081.0 |
               +--------+--------+--------+--------+--------+-----+--------+

Top non-repeatable levels by time:
     D:2: 1602 daAuts
     D:3: 1186 daAuts
     D:1: 1138 daAuts
     D:4: 396 daAuts
